 Dungeon Crawl Stone Soup version 0.27.1-33-g824d729ab1 (webtiles) character file.

Game seed: 10281490914556549834

106 McKennaii the Magician (level 4, 0/33 HPs)
             Began as a Demigod Conjurer on Dec 4, 2021.
             Constricted to death by a ball python (1 damage)
             ... on level 3 of the Dungeon.
             The game lasted 00:02:32 (2761 turns).

McKennaii the Magician (Demigod Conjurer)           Turns: 2761, Time: 00:02:32

Health: 0/33       AC:  2    Str:  8    XL:     4   Next: 30%
Magic:  13/13      EV:  9    Int: 24    God:
Gold:   124        SH:  0    Dex: 12    Spells: 4/11 levels left

rFire    . . .     SeeInvis .   e - staff of poison
rCold    . . .     Faith    .   (no shield)
rNeg     . . .     Spirit   .   a - +0 robe
rPois    +         Reflect  .   (no helmet)
rElec    .         Harm     .   (no cloak)
rCorr    .         Rampage  .   (no gloves)
Will     .....                  (no boots)
Stlth    ++........             (no amulet)
HPRegen  0.11/turn              i - ring of wizardry
MPRegen  0.13/turn              (no ring)

@: brilliant, constricted
A: high mp 1, forlorn
a: no special abilities


You were on level 3 of the Dungeon.
You visited 1 branch of the dungeon, and saw 3 of its levels.

You collected 124 gold pieces.

Inventory:

Armour
 a - a +0 robe (worn)
Magical Staves
 e - a staff of poison (weapon)
 j - a staff of fire
Jewellery
 i - a ring of wizardry (left hand)
Wands
 m - a wand of flame (16)
Scrolls
 b - a scroll of magic mapping {unknown}
 g - a scroll of blinking {unknown}
 h - a scroll of teleportation {unknown}
 l - a scroll of amnesia {unknown}
 o - a scroll of fog {unknown}
Potions
 f - a potion of flight {unknown}
 k - a potion of magic {unknown}
 n - a potion of haste {unknown}


   Skills:
 - Level 1.7 Dodging
 - Level 1.7 Stealth
 + Level 4.0 Spellcasting
 + Level 3.8 Conjurations


You had 4 spell levels left.
You knew the following spells:

 Your Spells              Type           Power      Damage    Failure   Level
a - Magic Dart            Conj           100%       1d8       1%          1
b - Searing Ray           Conj           68%        3d5       1%          2
c - Iskenderun's Mystic   Conj/Tloc      20%        2d6       17%         4

Your spell library contained the following spells:

 Spells                   Type           Power      Damage    Failure   Level
 Summon Small Mammal      Summ           28%        N/A       4%          1
 Dazzling Flash           Conj/Hex       40%        N/A       6%          3
 Call Canine Familiar     Summ           7%         N/A       12%         3
 Summon Guardian Golem    Hex/Summ       7%         N/A       12%         3
 Fulminant Prism          Conj/Hex       10%        3d9       17%         4


Dungeon Overview and Level Annotations

Branches:
Dungeon (3/15)


Innate Abilities, Weirdness & Mutations

Your attributes grow dramatically as you level up.
You have an increased reservoir of magic. (+10% MP)
You shall have no god before yourself.


Message History

The centaur wields a +0 shortbow.
The centaur shoots an arrow.
The arrow hits you!
There are monsters nearby!
The magic dart hits the centaur.
The centaur is heavily wounded.
The centaur shoots an arrow.
The arrow hits you!
The centaur shoots an arrow.
The arrow misses you.
There are monsters nearby!
You are too injured to fight recklessly!
You are too injured to fight recklessly!
You see here a dart slug corpse.
The centaur shoots an arrow.
The arrow hits you!
* * * LOW HITPOINT WARNING * * *
It was a potion of ambrosia.
You are confused.
You feel invigorated.
The centaur shoots an arrow.
The arrow hits you.
* * * LOW HITPOINT WARNING * * *
You closely miss the ball python. The ball python barely misses you.
The ball python completely misses you.
You bump into the rock wall.
The ball python bites you but does no damage.
The ball python barely misses you.
The centaur unwields a +0 shortbow.
The centaur hits you.
* * * LOW HITPOINT WARNING * * *
The centaur barely misses you.
You feel less invigorated.
You feel less confused.
The centaur wields a +0 shortbow.
The centaur shoots an arrow.
The arrow completely misses you.
The centaur shoots an arrow.
The arrow hits you!
* * * LOW HITPOINT WARNING * * *
The ball python bites you.
* * * LOW HITPOINT WARNING * * *
The ball python completely misses you.
It was a potion of brilliance.
You feel clever all of a sudden. The ball python barely misses you.
The ball python grabs you. The ball python constricts you.
You die...

.## #!# .... ...
...###.#
...#.#######
######.#........
## #........#
####. .!...#.c#
... ### ##S# ##.#
#@#
...#############.#
.................#
)###############.#
....<.## #.##
.......## #..#
........# ##.#
.......(# #.# ###
.†......# #.# #..


You could see a centaur and a ball python.

Vanquished Creatures
  3 adders
  3 worms
  4 dart slugs
  2 endoplasms
  2 giant cockroaches
  6 goblins
  6 hobgoblins
  6 jackals
  7 kobolds
  A quokka (D:1)
  9 ball pythons
  7 bats
  3 frilled lizards
  3 rats (D:1)
62 creatures vanquished.

Notes
Turn   | Place    | Note
-------+----------+-------------------------------------------
     0 | D:1      | McKennaii the Demigod Conjurer began the quest for the Orb.
     0 | D:1      | Reached XP level 1. HP: 14/14 MP: 5/5
    43 | D:1      | Reached skill level 2 in Spellcasting
   347 | D:1      | Reached XP level 2. HP: 20/20 MP: 5/8
   840 | D:1      | Reached skill level 3 in Spellcasting
  1125 | D:2      | Reached XP level 3. HP: 26/26 MP: 3/10
  1486 | D:2      | Learned a level 2 spell: Searing Ray
  2423 | D:3      | Reached XP level 4. HP: 33/33 MP: 10/12
  2428 | D:3      | Learned a level 4 spell: Iskenderun's Mystic Blast
  2718 | D:3      | Reached skill level 4 in Spellcasting
  2750 | D:3      | Noticed a centaur
  2754 | D:3      | HP: 1/33 [centaur/arrow (11)]
  2760 | D:3      | HP: 1/33 [ball python (2)]
  2761 | D:3      | Constricted to death by a ball python

Illustrated notes

Levels and vault maps discovered:
D:1:      dpeg_arrival_rooms_c, layout_rooms, ebering_ecumenical_altar_mist,
          minmay_misc_feat_iff, st_stairs_2, grunt_decor_cap,
          minmay_split_cup_small
D:2:      layout_basic
D:3:      layout_rooms, mainiacjoe_overflow_cross_hatched,
          chequers_serial_rivers_room_b

Skill      XL: |  1  2  3  4 |
---------------+-------------+-----
Spellcasting   | 2 3 4 |  4.0
Dodging        | |  1.7
Stealth        | |  1.7
Conjurations   | |  3.8

Action                   |  1- 3 |  4- 6 || total
-------------------------+-------+-------++-------
Melee: Unarmed           |     8 |       ||     8
       Staff             |     3 |     1 ||     4
 Cast: Magic Dart        |   116 |    31 ||   147
  Use: Potion            |       |     2 ||     2
Armor: Robe              |     3 |     1 ||     4
Dodge: Dodged            |    15 |     8 ||    23
